 Dungeon Crawl Stone Soup version 0.21.0-24-g2553a33 (webtiles) character file.

429 tidbits the Insei (level 6, 0/47 HPs)
             Began as a Gnoll Transmuter on Jan 19, 2018.
             Was an Initiate of Cheibriados.
             Slain by a wight
             ... wielding a +4 flail of crushing
              (5 damage)
             ... on level 6 of the Dungeon.
             The game lasted 00:07:57 (866 turns).

tidbits the Insei (Gnoll Transmuter)                 Turns: 866, Time: 00:07:58

Health: 0/47       AC:  2    Str: 13    XL:     6   Next: 98%
Magic:  7/14       EV: 24    Int: 18    God:    Cheibriados [......]
Gold:   39         SH:  0    Dex: 22    Spells: 9/15 levels left

rFire    + . .     SeeInvis .     - Unarmed
rCold    . . .     Gourm    .   (shield currently unavailable)
rNeg     . . .     Faith    .   (armour currently unavailable)
rPois    x         Spirit   .   (helmet currently unavailable)
rElec    .         Reflect  .   (cloak currently unavailable)
rCorr    .         Harm     .   (gloves currently unavailable)
MR       .....                  (boots currently unavailable)
Stlth    ++........             (no amulet)
HPRegen  0.15/turn              q - ring of protection from fire
MPRegen  0.14/turn              (no ring)

@: spider-form, drained, very slow
A: tiny, distributed training, strong nose
a: End Transformation, Bend Time, Renounce Religion


You were on level 6 of the Dungeon.
You worshipped Cheibriados.
Cheibriados was noncommittal.
You were very full.
You were a venomous arachnid creature.
You visited 2 branches of the dungeon, and saw 7 of its levels.

You collected 39 gold pieces.

Inventory:

Hand Weapons
 a - a +0 short sword of electrocution (melded)
   (You took it off an orc on level 4 of the Dungeon)
Missiles
 e - 9 stones (quivered)
 g - 58 bolts
 l - 6 arrows
Armour
 o - a +0 ring mail
 B - a +0 robe (melded)
 E - a +2 helmet (melded)
 F - a +0 pair of boots (melded)
 G - a +0 pair of gloves (melded)
Jewellery
 q - a ring of protection from fire (left front leg)
   (You found it on level 5 of the Dungeon)
Scrolls
 f - a scroll of teleportation
 h - a scroll of remove curse {unknown}
 i - a scroll of immolation {unknown}
 j - a scroll of magic mapping {unknown}
 m - a scroll of fear {unknown}
 n - a scroll of fog
Potions
 b - a potion of haste
Books
 d - a book of Changes

   Spells                             Type                      Level
   a - Beastly Appendage              Transmutation                1
   b - Sticks to Snakes               Transmutation                2
   c - Spider Form                    Transmutation/Poison         3
   d - Ice Form                       Ice/Transmutation            4
   e - Blade Hands                    Transmutation                5
Comestibles
 c - 8 rations


   Skills:
 + Level 3.3(3.0) Fighting
 + Level 2.1(1.8) Short Blades
 + Level 2.1(1.8) Long Blades
 + Level 2.1(1.8) Axes
 + Level 2.1(1.8) Maces & Flails
 + Level 2.1(1.8) Polearms
 + Level 2.1(1.8) Staves
 + Level 2.1(1.8) Slings
 + Level 2.1(1.8) Bows
 + Level 2.1(1.8) Crossbows
 + Level 2.1(1.8) Throwing
 + Level 2.1(1.8) Armour
 + Level 5.0(4.7) Dodging
 + Level 2.1(1.8) Stealth
 + Level 2.1(1.8) Shields
 + Level 6.9(6.5) Unarmed Combat
 + Level 5.4(5.1) Spellcasting
 + Level 1.7(1.4) Conjurations
 + Level 1.7(1.4) Hexes
 + Level 1.7(1.4) Charms
 + Level 1.7(1.4) Summonings
 + Level 1.7(1.4) Necromancy
 + Level 1.7(1.4) Translocations
 + Level 4.2(3.8) Transmutations
 + Level 1.7(1.4) Fire Magic
 + Level 1.7(1.4) Ice Magic
 + Level 1.7(1.4) Air Magic
 + Level 1.7(1.4) Earth Magic
 + Level 1.7(1.4) Poison Magic
 + Level 2.3(2.0) Invocations
 + Level 2.1(1.8) Evocations


You had 9 spell levels left.
You knew the following spells:

 Your Spells              Type           Power        Failure   Level  Hunger
e - Beastly Appendage     Tmut           ###...       10%         1    None
k - Sticks to Snakes      Tmut           ###.....     13%         2    #......
p - Spider Form           Tmut/Pois      ##........   30%         3    ##.....


Dungeon Overview and Level Annotations

Branches:
Dungeon (6/15)             Temple (1/1) D:5

Altars:
Ashenzari
Cheibriados
Elyvilon
Fedhas
Makhleb
Nemelex Xobeh
Okawaru
Qazlal
Sif Muna
Trog
Uskayaw
Wu Jian
Yredelemnul
Zin
The Shining One

Shops:
D:4 :


Innate Abilities, Weirdness & Mutations

Your experience applies equally to all skills.
((You have very sharp teeth.))
Your uncanny sense of smell can sniff out nearby items.


Message History

The wight is almost destroyed.
Your adder closely misses the wight.
Your adder bites the wight but does no damage.
The wight hits you with a falchion.
* * * LOW HITPOINT WARNING * * *
The wight hits you from afar with a halberd.
* * * LOW HITPOINT WARNING * * *
You hit the wight. Lightning courses through the wight!
You destroy the wight!
Cheibriados thoroughly appreciates the change of pace.
Casting: Sticks to Snakes
Confirm with . or Enter, or press ? or * to list all spells.
You turn into a venomous arachnid creature.
Your +0 short sword of electrocution melds into your body.
Your +2 helmet melds into your body.
Your +0 pair of gloves melds into your body.
Your +0 pair of boots melds into your body.
Your +0 robe melds into your body.
Your +0 short sword of electrocution stops crackling.
The wight completely misses you. The wight completely misses you.
You hit the wight but do no damage. The wight completely misses you.
Your adder bites the wight.
You bite the wight!
The wight is almost destroyed.
Your adder bites the wight.
The wight closely misses you.
You completely miss the wight.
The wight is almost destroyed.
Your adder bites the wight but does no damage.
The wight misses your adder.
Your adder bites the wight but does no damage.
You catch the helpless wight completely off-guard!
You hit the wight but do no damage.
The wight is almost destroyed.
You hit the wight.
You destroy the wight!
Cheibriados appreciates the change of pace.
Your life force feels restored.
Things that are here:
a halberd; a robe
Things that are here:
a falchion; a robe
Things that are here:
a halberd; a robe Your transformation is almost over.
A wight comes into view. It is wielding a flail of crushing.
You hit the wight but do no damage. The wight completely misses you.
Your adder closely misses the wight.
The wight hits your adder with a flail of crushing.
Your adder bites the wight but does no damage.
Casting: Spider Form
Confirm with . or Enter, or press ? or * to list all spells.
You create 2 snakes!
You now have 6 arrows.
Your adder closely misses the wight.
Your adder bites the wight but does no damage.
The wight hits your adder with a flail of crushing!
Your adder dies!
Your adder withers and dies!
You hit the wight but do no damage.
Your ball python barely misses the wight.
Your ball python closely misses the wight.
The wight misses you.
You closely miss the wight.
Your ball python bites the wight but does no damage.
Your ball python closely misses the wight.
You hit the wight.
The wight is moderately damaged.
Your transformation has ended.
Your +0 short sword of electrocution unmelds from your body.
Your +2 helmet unmelds from your body.
Your +0 pair of gloves unmelds from your body.
Your +0 pair of boots unmelds from your body.
Your +0 robe unmelds from your body.
You hear the crackle of electricity.
The wight barely misses you.
Your ball python barely misses the wight.
Your ball python grabs the wight.
Your ball python constricts the wight.
You swap places.
Your ball python bites the wight. x2
Your ball python constricts the wight.
The wight misses your ball python.
Your ball python bites the wight but does no damage. x2
Your ball python constricts the wight.
Casting: Sticks to Snakes
Confirm with . or Enter, or press ? or * to list all spells.
You turn into a venomous arachnid creature.
Your +0 short sword of electrocution melds into your body.
Your +2 helmet melds into your body.
Your +0 pair of gloves melds into your body.
Your +0 pair of boots melds into your body.
Your +0 robe melds into your body.
Your +0 short sword of electrocution stops crackling.
The wight misses your ball python.
Your ball python bites the wight but does no damage.
Your ball python bites the wight.
Your ball python constricts the wight.
You swap places.
Your ball python bites the wight but does no damage.
Your ball python constricts the wight.
The wight hits you with a flail of crushing!
* * * LOW HITPOINT WARNING * * *
You feel drained.
You die...

#### ######### #...
........##############.##
######.)..............##
#.......).####..........
#.#######.## #.########.
#####...###.# #.
#..SsS#.....# #.
#.###z..##### #. # ##.##
#. .# #######. .#
#....... .# #.#####. ∆ ..
#. ## #. #.


You could see a wight and 2 friendly ball pythons.

Vanquished Creatures
  An ogre (D:4)
  2 wights (D:6)
  A crimson imp (D:5)
  A centaur skeleton (D:4)
  3 worker ants
  2 adders
  4 gnolls (D:6)
  An ooze (D:3)
  A dart slug (D:1)
  3 giant cockroaches
  3 jackals (D:4)
  3 kobolds
  2 quokkas (D:4)
  A rat (D:2)
28 creatures vanquished.

Vanquished Creatures (collateral kills)
  An ogre (D:4)
  An orc (D:4)
  A quokka skeleton (D:4)
3 creatures vanquished.

Grand Total: 31 creatures vanquished

Notes
Turn   | Place    | Note
-------+----------+-------------------------------------------
     0 | D:1      | tidbits the Gnoll Transmuter began the quest for the Orb.
     0 | D:1      | Reached XP level 1. HP: 17/17 MP: 6/6
   129 | D:3      | Found a basalt altar of Yredelemnul.
   166 | D:4      | Reached XP level 2. HP: 12/23 MP: 5/7
   179 | D:4      | Learned a level 2 spell: Sticks to Snakes
   182 | D:4      | Found Alusud's Book Emporium.
   221 | D:4      | Noticed an ogre
   228 | D:4      | Killed an ogre
   228 | D:4      | Reached skill level 1 in Short Blades
   228 | D:4      | Reached skill level 1 in Long Blades
   228 | D:4      | Reached skill level 1 in Axes
   228 | D:4      | Reached skill level 1 in Maces & Flails
   228 | D:4      | Reached skill level 1 in Polearms
   228 | D:4      | Reached skill level 1 in Staves
   228 | D:4      | Reached skill level 1 in Slings
   228 | D:4      | Reached skill level 1 in Bows
   228 | D:4      | Reached skill level 1 in Crossbows
   228 | D:4      | Reached skill level 1 in Throwing
   228 | D:4      | Reached skill level 1 in Armour
   228 | D:4      | Reached skill level 1 in Stealth
   228 | D:4      | Reached skill level 1 in Shields
   228 | D:4      | Reached skill level 5 in Spellcasting
   228 | D:4      | Reached skill level 1 in Invocations
   228 | D:4      | Reached skill level 1 in Evocations
   228 | D:4      | Reached XP level 3. HP: 8/28 MP: 3/9
   228 | D:4      | Reached XP level 4. HP: 10/34 MP: 3/11
   239 | D:4      | Learned a level 3 spell: Spider Form
   260 | D:4      | Reached skill level 1 in Conjurations
   260 | D:4      | Reached skill level 1 in Hexes
   260 | D:4      | Reached skill level 1 in Charms
   260 | D:4      | Reached skill level 1 in Summonings
   260 | D:4      | Reached skill level 1 in Necromancy
   260 | D:4      | Reached skill level 1 in Translocations
   260 | D:4      | Reached skill level 1 in Fire Magic
   260 | D:4      | Reached skill level 1 in Ice Magic
   260 | D:4      | Reached skill level 1 in Air Magic
   260 | D:4      | Reached skill level 1 in Earth Magic
   260 | D:4      | Reached skill level 1 in Poison Magic
   300 | D:3      | Reached XP level 5. HP: 20/40 MP: 6/12
   459 | D:4      | Reached skill level 3 in Fighting
   500 | D:5      | Entered Level 5 of the Dungeon
   517 | D:5      | Reached skill level 4 in Transmutations
   526 | D:6      | Noticed a centaur
   558 | D:5      | Found a staircase to the Ecumenical Temple.
   568 | Temple   | Entered the Ecumenical Temple
   617 | Temple   | Became a worshipper of Cheibriados the Contemplative
   663 | D:4      | Noticed an ogre
   677 | D:4      | Killed an ogre
   677 | D:4      | Reached skill level 2 in Invocations
   677 | D:4      | Reached XP level 6. HP: 13/47 MP: 12/14
   683 | D:4      | Reached skill level 5 in Dodging
   706 | D:6      | Noticed a dagger
   707 | D:6      | Noticed a dagger
   707 | D:6      | Found a hide-covered altar of Uskayaw.
   748 | D:6      | Reached skill level 2 in Short Blades
   748 | D:6      | Reached skill level 2 in Long Blades
   748 | D:6      | Reached skill level 2 in Axes
   748 | D:6      | Reached skill level 2 in Maces & Flails
   748 | D:6      | Reached skill level 2 in Polearms
   748 | D:6      | Reached skill level 2 in Staves
   748 | D:6      | Reached skill level 2 in Slings
   748 | D:6      | Reached skill level 2 in Bows
   748 | D:6      | Reached skill level 2 in Crossbows
   748 | D:6      | Reached skill level 2 in Throwing
   748 | D:6      | Reached skill level 2 in Armour
   748 | D:6      | Reached skill level 2 in Stealth
   748 | D:6      | Reached skill level 2 in Shields
   748 | D:6      | Reached skill level 2 in Evocations
   754 | D:6      | HP: 3/47 [gnoll/halberd (8)]
   866 | D:6      | Slain by a wight

Skill      XL: |  1  2  3  4  5  6 |
---------------+-------------------+-----
Short Blades   | 1 2 |  2.1
Long Blades    | 1 2 |  2.1
Axes           | 1 2 |  2.1
Maces & Flails | 1 2 |  2.1
Polearms       | 1 2 |  2.1
Staves         | 1 2 |  2.1
Slings         | 1 2 |  2.1
Bows           | 1 2 |  2.1
Crossbows      | 1 2 |  2.1
Throwing       | 1 2 |  2.1
Armour         | 1 2 |  2.1
Stealth        | 1 2 |  2.1
Shields        | 1 2 |  2.1
Spellcasting   | 5 |  5.4
Invocations    | 1 2 |  2.3
Evocations     | 1 2 |  2.1
Conjurations   | 1 |  1.7
Hexes          | 1 |  1.7
Charms         | 1 |  1.7
Summonings     | 1 |  1.7
Necromancy     | 1 |  1.7
Translocations | 1 |  1.7
Fire Magic     | 1 |  1.7
Ice Magic      | 1 |  1.7
Air Magic      | 1 |  1.7
Earth Magic    | 1 |  1.7
Poison Magic   | 1 |  1.7
Fighting       | 3 |  3.3
Transmutations | 4 |  4.2
Dodging        | 5 |  5.0
Unarmed Combat | |  6.9

Action                   |  1- 3 |  4- 6 || total
-------------------------+-------+-------++-------
Melee: Unarmed           |    18 |    24 ||    42
       Kick              |     5 |     2 ||     7
       Short sword       |     2 |    54 ||    56
       Bite              |       |     4 ||     4
       Punch             |       |     1 ||     1
 Cast: Beastly Appendage |     5 |     2 ||     7
       Sticks to Snakes  |     4 |     7 ||    11
       Spider Form       |       |     3 ||     3
  Use: Scroll            |       |     5 ||     5
       Potion            |       |     2 ||     2
 Stab: Distracted        |       |     4 ||     4
       Sleeping          |       |     2 ||     2
  Eat: Ration            |       |     2 ||     2
Armor: Robe              |     2 |     5 ||     7
       Skin              |       |     5 ||     5
Dodge: Dodged            |     9 |    63 ||    72

Table legend:
 A = Turns spent in this place as a percentage of turns spent in the entire game.
 B = Non-inter-level travel turns spent in this place as a percentage of non-inter-level travel turns spent in the entire game.
 C = Inter-level travel turns spent in this place as a percentage of turns spent in this place.
 D = Turns resting spent in this place as a percentage of non-inter-level travel turns spent in this place.
 E = Turns spent auto-exploring this place as a percentage of non-inter-level travel turns spent in this place.
 F = Non-inter-level travel turns spent in this place divided by the number of levels of this place that you've seen.
                   A       B       C       D       E      F
               +-------+-------+-------+-------+-------+----------------------
         Total | 100.0 | 100.0 |   3.8 |   0.0 |   0.0 | 119.0
       Dungeon |  90.3 |  93.9 |   0.0 |   0.0 |   0.0 | 130.3
        Temple |   9.7 |   6.1 |  39.3 |   0.0 |   0.0 |  51.0
               +-------+-------+-------+-------+-------+----------------------

Table legend:
 A = Kills in this place as a percentage of kills in entire the game.
 B = Kills by you in this place as a percentage of kills by you in the entire game.
 C = Kills by friends in this place as a percentage of kills by friends in the entire game.
 D = Other kills in this place as a percentage of other kills in the entire game.
 E = Experience gained in this place as a percentage of experience gained in the entire game.
 F = Experience gained in this place divided by the number of levels of this place that you have seen.
                   A       B       C       D       E      F
               +-------+-------+-------+-------+-------+----------------------
         Total | 100.0 | 100.0 | 100.0 |   N/A | 100.0 |  87.7
       Dungeon | 100.0 | 100.0 | 100.0 |   N/A | 100.0 | 102.3
               +-------+-------+-------+-------+-------+----------------------

Vault maps used:
D:1:      dpeg_arrival_rhombi, solitary_fountain, st_stairs_13
D:2:      minmay_misc_feat_tiny
D:3:      lemuel_crystal_altar, chequers_ecumenical_altar_twisty
D:4:      lemuel_doored_altar, serial_shops, nicolae_shop_crystal
D:5:      nicolae_ru_path_of_blood, temple_fountains, first_ration, uniq_pikel
D:6:      dancing_weapons_uskayaw, lemuel_round_altar, serial_shops,
          shop_statue, dk_yredelemnul_ordeal
Temple:   nicolae_temple_elliptical
